 Dungeon Crawl Stone Soup version 0.19-a0-1532-g228a5d9 (webtiles) character file.

103 Amnesiac the Insei (level 4, -4/35 HPs)
             Began as a Mummy Monk on Sept 13, 2016.
             Killed from afar by GameOver's ghost (10 damage)
             ... with a magic dart
             ... on level 3 of the Dungeon.
             The game lasted 00:03:41 (3056 turns).

Amnesiac the Insei (Mummy Monk)                     Turns: 3056, Time: 00:03:41

Health: -4/35      AC:  2    Str: 14    XL:     4   Next: 51%
Magic:  4/4        EV: 13    Int:  9    God:
Gold:   122        SH:  0    Dex: 15    Spells: 0 memorised, 3 levels left

rFire  x . .     SeeInvis .       - Unarmed
rCold  + . .     Gourm    .     (no armour)
rNeg   + + +     Faith    .     (no shield)
rPois  ∞         Spirit   .     (no helmet)
rElec  .         Dismiss  .     d - +0 cloak
rCorr  .         Reflect  .     e - +0 pair of gloves
MR     .....     Harm     .     (no boots)
Stlth  ++........               (no amulet)
                                (no ring)
                                (no ring)

@: no status effects
A: no food or potions, fire vulnerability, cold resistance 1, negative energy
resistance 3, torment resistance, unbreathing
a: no special abilities


You were on level 3 of the Dungeon.
You were not hungry.

You visited 1 branch of the dungeon, and saw 3 of its levels.

You collected 122 gold pieces.

Inventory:

Armour
 d - a +0 cloak (worn)
 e - a +0 pair of gloves (worn)
Jewellery
 f - an uncursed ring of resist corrosion {unknown}
 k - a cursed amulet of inaccuracy {unknown}
Wands
 h - a wand of paralysis (20/24)
Scrolls
 a - a scroll of fear {unknown}
 b - a scroll of recharging
 c - 2 scrolls of immolation
 g - a scroll of teleportation {unknown}
 i - a scroll of identify
 j - a scroll of noise {unknown}


   Skills:
 - Level 3.0 Fighting
 - Level 2.4 Dodging
 - Level 1.5 Stealth
 + Level 4.4 Unarmed Combat


You had 3 spell levels left.
You didn't know any spells.

Dungeon Overview and Level Annotations

Branches:
Dungeon (3/15)

Altars:
Sif Muna

Annotations:
D:3 GameOver's ghost, weakling NaWz


Innate Abilities, Weirdness & Mutations

You do not eat or drink.
Your flesh is vulnerable to fire.
You are immune to poison.
Your flesh is cold resistant. (rC+)
You are immune to negative energy. (rN+++)
You are immune to unholy pain and torment.
You can survive without breathing.


Message History

The rat is heavily wounded.
The rat bites you.
You hit the rat.
You kill the rat!
GameOver's ghost gestures at you while chanting.
The magic dart hits you!
The teleport trap disappears.
The rat disappears!
GameOver's ghost casts a spell at you. The magic dart hits you!
GameOver's ghost hits you.
You closely miss GameOver's ghost. GameOver's ghost hits you.
GameOver's ghost is nearby!
GameOver's ghost whispers, "Everlasting silence awaits you..."
GameOver's ghost shrieks, "You must not fail where I succeeded!"
GameOver's ghost gestures at you while chanting.
The magic dart hits you!
* * * LOW HITPOINT WARNING * * *
GameOver's ghost gestures at you while chanting.
The magic dart hits you!
You die...

## #............#..
#.# ##...###........
#.# ##....# ##.##....
..###.....# #.##..÷.
#.#.#.#.#######.##.<..
#.......# #...........
#####.### #......#..#.
#.# #..#......#.
####@### #......#.##.
#......# #......#.##.
#.##.#.########.....)
# #W#...# ###....
#.....# ##### ###...#
#######
#..#######<....#
...#.......[#..#
##.#.#####......


You could see GameOver's ghost.

Vanquished Creatures
  3 adders (D:2)
  2 worms (D:2)
  3 dart slugs
  4 giant geckos
  An orc (D:3)
  5 bats
  3 giant cockroaches
  4 goblins
  11 hobgoblins
  7 jackals
  A ball python (D:1)
  A giant newt (D:2)
  6 kobolds
  3 rats
54 creatures vanquished.

Notes
Turn   | Place    | Note
-------+----------+-------------------------------------------
     0 | D:1      | Amnesiac the Mummy Monk began the quest for the Orb.
     0 | D:1      | Reached XP level 1. HP: 18/18 MP: 1/1
   201 | D:1      | Reached XP level 2. HP: 18/24 MP: 2/2
   366 | D:1      | Reached skill level 3 in Unarmed Combat
   939 | D:2      | Reached XP level 3. HP: 29/29 MP: 3/3
  1990 | D:2      | Reached skill level 4 in Unarmed Combat
  2053 | D:2      | Reached XP level 4. HP: 31/35 MP: 4/4
  2431 | D:3      | Found a deep blue altar of Sif Muna.
  2664 | D:3      | Noticed GameOver's ghost (weakling NaWz)
  3056 | D:3      | Killed from afar by GameOver's ghost

Vault maps used:
D:1:      minmay_arrival_checkered_box
D:3:      nicolae_overflow_hidden_temple

Skill      XL: |  1  2  3 |
---------------+----------+-----
Unarmed Combat | 3 4 |  4.4
Fighting       | |  3.0
Dodging        | |  2.4
Stealth        | |  1.5

Action                   |  1- 3 |  4- 6 || total
-------------------------+-------+-------++-------
Melee: Unarmed           |   162 |    56 ||   218
       Punch             |     5 |     1 ||     6
  Use: Scroll            |     2 |       ||     2
 Stab: Sleeping          |     6 |     2 ||     8
Armor: Skin              |     9 |     5 ||    14
Dodge: Dodged            |    84 |    32 ||   116
